 Dungeon Crawl Stone Soup version 0.32-a0-132-g2d33c3cfaf (webtiles) character file.

Game seed: 10564761456925407150

292 Bravepunisher the Ducker (level 6, 33/33 HPs)
             Began as a Spriggan Monk on Feb 9, 2024.
             Quit the game on level 6 of the Dungeon.
             The game lasted 00:06:50 (1800 turns).

Bravepunisher the Ducker (Spriggan Monk)            Turns: 1800, Time: 00:06:51

Health: 33/33      AC:  2    Str:  7    XL:     6   Next: 10%
Magic:  7/7        EV: 23    Int: 11    God:
Gold:   89         SH:  0    Dex: 20    Spells: 5/5 levels left

rFire   . . .        a - +0 short sword
rCold   . . .        (no shield)
rNeg    . . .        b - +0 robe
rPois   .            (helmet restricted)
rElec   .            (no cloak)
rCorr   .            (gloves unavailable)
SInv    +            (boots unavailable)
Will    +....        (no amulet)
Stlth   ++           (no ring)
HPRegen 0.25/turn    (no ring)
MPRegen 0.10/turn

%: no passive effects
@: very quick
A: very small, no large weapons, unfitting armour, see invisible, speed 3
a: no special abilities


You were on level 6 of the Dungeon.
You visited 1 branch of the dungeon, and saw 7 of its levels.

You collected 89 gold pieces.

Inventory:

Hand Weapons
 a - a +0 short sword (weapon)
Armour
 b - a +0 robe (worn)
Wands
 e - a wand of mindburst (18)
Scrolls
 d - a scroll of immolation {unknown}
Potions
 c - a potion of ambrosia


   Skills:
 + Level 3.8 Fighting
 - Level 3.2 Short Blades
 * Level 7.7 Dodging


You had 5 spell levels left.
You didn't know any spells.
Your spell library contained the following spells:

 Spells                   Type           Power      Damage    Failure   Level
 Dazzling Flash           Conj/Hex       0%         N/A       71%         3
 Mephitic Cloud           Conj/Alch/Air  0%         N/A       71%         3
 Curse of Agony           Necr           0%         N/A       100%        5
 Silence                  Hex/Air        0%         N/A       100%        5


Dungeon Overview and Level Annotations

Branches:
Dungeon (7/15)
 Temple: D:4-7

Altars:
Cheibriados
Fedhas
Trog

Annotations:
D:4 Robin
D:5 Blork the orc


Innate Abilities, Weirdness & Mutations

You are very small and have problems with some larger weapons.
You are too small for most types of armour.
You have supernaturally acute eyesight. (SInv)
You cover ground extremely quickly. (Speed+++)


Message History

The iguana misses you.
You climb downwards.
There is a stone staircase leading up here.
Unknown command.
The white imp gestures at you. The puff of frost misses you.
You hit the white imp but do no damage. The white imp completely misses you.
You hit the white imp.
You punch the white imp, but do no damage.
The white imp is moderately wounded.
You hit the white imp but do no damage.
The white imp is moderately wounded.
The white imp completely misses you.
You hit the white imp.
The white imp is severely wounded.
The white imp hits you. The white imp freezes you.
You hit the white imp.
You kill the white imp!
There is a stone staircase leading down here.
Found a sling.
Found a runed bone wand.
You see here a +0 sling.
e - a wand of mindburst (18)
A water moccasin comes into view.
Found a ring mail.
Found a bloodstained altar of Trog.
The water moccasin hisses angrily.
An adder comes into view.
Found a scroll of teleportation.
The adder hisses angrily.
You open the door. The adder barely misses you.
An iguana comes into view.
There is an open door here.
The iguana hisses angrily.
As you open the door, it creaks loudly! The adder misses you.
There is an open door here.
Found a scroll labelled VIC SUWIMEVE.
Found 15 gold pieces.
You see here a scroll labelled VIC SUWIMEVE.
Are you sure you want to abandon this character and quit the game? (Confirm with "yes".)

#..#.......#..#
#####..# ..... #.S#
.......####.####Y.#
.####.............#
.####....#.###....#
...........# ##..##
.##.....#### ##.#
.###....# #.# .#
##.#.# #@# .. [...#
#.### ## ##.###
#...# ##'## ###.#
##...## #.#
##.....## ####.#
##.......## ##.##.#
#.........####...#.#
+.........'........#


You could see a water moccasin and a sky beast.

Vanquished Creatures
  Menkaure (D:4)
  A scorpion (D:4)
  A hound (D:4)
  A bombardier beetle (D:4)
  3 adders
  A white imp (D:6)
  An endoplasm (D:3)
  2 giant cockroaches (D:2)
  A goblin (D:3)
  A hobgoblin (D:4)
  2 jackals (D:4)
  2 kobolds
  2 quokkas (D:1)
  A ball python (D:1)
  2 bats (D:1)
22 creatures vanquished.

Vanquished Creatures (others)
  A goblin (D:4)
1 creature vanquished.

Grand Total: 23 creatures vanquished

Notes
Turn   | Place    | Note
-------+----------+-------------------------------------------
     0 | D:1      | Bravepunisher the Spriggan Monk began the quest for the
                  | Orb.
     0 | D:1      | Reached XP level 1. HP: 11/11 MP: 2/2
   407 | D:2      | Reached XP level 2. HP: 16/16 MP: 3/3
   504 | D:3      | Found a snail-covered altar of Cheibriados.
   549 | D:3      | Noticed a bombardier beetle
   658 | D:4      | Noticed Menkaure
   665 | D:4      | Killed Menkaure
   666 | D:4      | Reached skill level 6 in Dodging
   666 | D:4      | Reached XP level 3. HP: 11/20 MP: 4/4
   666 | D:4      | Reached XP level 4. HP: 14/24 MP: 5/5
   698 | D:4      | Identified the +1 helmet of Yrott {Will- Dex+2 Stlth+}
   698 | D:4      | Noticed Robin
   722 | D:4      | Noticed an ogre
   735 | D:5      | Entered Level 5 of the Dungeon
   735 | D:5      | Noticed a phantom
   778 | D:5      | Found a blossoming altar of Fedhas.
   797 | D:5      | Reached XP level 5. HP: 8/28 MP: 6/6
   904 | D:5      | Noticed Blork the orc
  1092 | D:5      | Noticed a phantom
  1124 | D:6      | Noticed a sky beast
  1171 | D:5      | Noticed a water moccasin
  1375 | D:4      | Reached skill level 7 in Dodging
  1505 | D:4      | Reached XP level 6. HP: 13/33 MP: 7/7
  1746 | D:6      | Found a bloodstained altar of Trog.
  1746 | D:6      | Noticed a water moccasin
  1800 | D:6      | Quit the game

Illustrated notes

Levels and vault maps discovered:
D:1:      tarquinn_simple_flora_water_e, layout_basic
D:2:      layout_basic, serial_shops, shop, skrybe_limestone_x,
          minmay_misc_feat_cross, uniq_sigmund
D:3:      layout_basic, amcnicky_altar_gilded,
          ebering_ecumenical_altar_petrified, uniq_ijyb
D:4:      layout_loops_ring, uniq_robin, uniq_menkaure, uniq_pargi
D:5:      layout_cave_pools, tgw_fedhas, pf_just_have_faith, bloody_makhleb,
          serial_bayou_pond_d, st_stairs_2, uniq_blork_the_orc
D:6:      layout_loops_corners, old_standard_altar,
          worldfamousw_hep_ancestral_shrine, minmay_temple_entry_proselytizer,
          minivault_10
D:7:      layout_basic, xom_redecorated, nicolae_uskayaw_en_pointe

Skill      XL: |  1  2  3  4  5 |
---------------+----------------+-----
Fighting       | 3 |  3.8
Dodging        | 6 7 |  7.7
Short Blades   | |  3.2

Action                     |  1- 3 |  4- 6 || total
---------------------------+-------+-------++-------
  Melee: Short sword       |    42 |   103 ||   145
         Punch             |       |     7 ||     7
    Use: Scroll            |       |     3 ||     3
         Potion            |       |     1 ||     1
   Stab: Sleeping          |     1 |     1 ||     2
         Distracted        |       |     2 ||     2
 Armour: Robe              |    12 |    32 ||    44
  Dodge: Dodged            |    35 |   119 ||   154

Table legend: (Time is in decaauts)
 A = Elapsed time spent in this place.
 B = Non-inter-level travel time spent in this place.
 C = Inter-level travel time spent in this place.
 D = Time resting spent in this place.
 E = Time spent auto-exploring this place.
 F = Levels seen in this place.
 G = Mean time per level.
                   A        B        C        D        E       F      G
               +--------+--------+--------+--------+--------+-----+--------+
         Total |   1261 |   1261 |      0 |      0 |    627 |   7 |  180.1 |
       Dungeon |   1261 |   1261 |      0 |      0 |    627 |   7 |  180.1 |
               +--------+--------+--------+--------+--------+-----+--------+

Top non-repeatable levels by time:
     D:4: 463 daAuts
     D:1: 251 daAuts
     D:3: 209 daAuts
     D:5: 173 daAuts
     D:6: 128 daAuts
     D:2: 26 daAuts
     D:7: 9 daAuts
